 Dungeon Crawl Stone Soup version 0.27-a0-828-g8289197e94 (webtiles) character file.

Game seed: 5493009611044329767

12 dickylongcocking the Magician (level 2, -1/21 HPs)
             Began as a Djinni Enchanter on Mar 31, 2021.
             Slain by a kobold
             ... wielding a +0 club
              (3 damage)
             ... on level 1 of the Dungeon.
             The game lasted 00:00:42 (1021 turns).

dickylongcocking the Magician (Djinni Enchanter)    Turns: 1021, Time: 00:00:42

Health: -1/21      AC:  2    Str:  7    XL:     2   Next: 33%
Gold:   0          EV: 12    Int: 16    God:
                   SH:  0    Dex: 13

rFire    + + .     SeeInvis .   a - +1 dagger
rCold    x . .     Faith    .   (no shield)
rNeg     . . .     Spirit   .   b - +0 robe
rPois    ∞         Reflect  .   (no helmet)
rElec    .         Harm     .   (no cloak)
rCorr    .         Rampage  .   (no gloves)
Will     .....                  (boots unavailable)
Stlth    ++........             (no amulet)
HPRegen  0.07/turn              (no ring)
MPRegen  0.00/turn              (no ring)

@: flying
A: fire resistance 2, cold vulnerability 1, float, innate caster, hp casting,
extra vitality 1
a: no special abilities


You were on level 1 of the Dungeon.
You visited 1 branch of the dungeon, and saw 1 of its levels.

Inventory:

Hand Weapons
 a - a +1 dagger (weapon)
Armour
 b - a +0 robe (worn)
Scrolls
 d - a scroll of blinking {unknown}
 e - a scroll of identify {unknown}
Potions
 c - a potion of curing {unknown}


   Skills:
 * Level 2.1 Short Blades
 - Level 2.1 Dodging
 - Level 2.4 Stealth
 - Level 2.6 Spellcasting


You couldn't memorise any spells.
You knew the following spells:

 Your Spells              Type           Power      Damage    Failure   Level
a - Corona                Hex            11%        N/A       6%          1
b - Ensorcelled Hibernat  Hex/Ice        20%        N/A       10%         2
c - Confusing Touch       Hex            10%        N/A       19%         3
d - Tukima's Dance        Hex            10%        N/A       19%         3
e - Dazzling Flash        Conj/Hex       20%        N/A       19%         3
Your spell library was empty.

Dungeon Overview and Level Annotations

Branches:
Dungeon (1/15)

Altars:


Innate Abilities, Weirdness & Mutations

You are immune to poison.
Your flesh is very heat resistant. (rF++)
You are vulnerable to cold. (rC-)
You float through the air rather than walking.
You learn spells naturally, not from books.
Your magical power is your life essence.
You have superior vitality. (+4 HP)


Message History

The kobold shouts!
Found 17 stones.
The goblin closely misses you.
You barely miss the goblin. The goblin hits you with a +0 club.
You barely miss the goblin. The goblin hits you with a +0 club.
You barely miss the goblin. The goblin closely misses you.
There are monsters nearby!
You hit the kobold.
The kobold is moderately wounded.
The kobold hits you with a +0 club. The goblin closely misses you.
Casting: Corona (safe; 6% risk of failure)
Confirm with . or Enter, or press ? or * to list all spells.
Aiming: Corona (safe; 6% risk of failure)
Press: ? - help, Shift-Dir - straight line, f - kobold
Aim: a kobold, wielding a +0 club (moderately wounded, chance to affect: 63%)
The kobold is outlined in light.
The kobold barely misses you. The goblin hits you with a +0 club.
* * * LOW HITPOINT WARNING * * *
Unknown command.
You hit the goblin.
The goblin is severely wounded.
The kobold hits you with a +0 club.
* * * LOW HITPOINT WARNING * * *
The goblin hits you but does no damage.
Unknown command.
You barely miss the kobold.
The kobold is moderately wounded.
The kobold closely misses you.
Unknown command.
Unknown command.
You barely miss the kobold.
The kobold is moderately wounded.
The goblin hits you with a +0 club.
* * * LOW HITPOINT WARNING * * *
Unknown command.
Unknown command.
You hit the kobold.
The kobold is heavily wounded.
The kobold hits you with a +0 club.
You die...

### ..########.......#
.........#......(#######
.........#.............
.........#...........###
.........#..............
.........#..............
.........#.....Kg....#
................@....+
.....................###
............###.........
..........# #........#
..........#+###.........
................†.......
##...#..#.......#.......
.....#..#.......###.....
^....#..#.#+#..........#


You could see a goblin and a kobold (corona).

Vanquished Creatures
  2 ball pythons (D:1)
  An endoplasm (D:1)
  A goblin (D:1)
  3 jackals (D:1)
  A quokka (D:1)
  A frilled lizard (D:1)
  A rat (D:1)
10 creatures vanquished.

Notes
Turn   | Place    | Note
-------+----------+-------------------------------------------
     0 | D:1      | dickylongcocking the Djinni Enchanter began the quest for
                  | the Orb.
     0 | D:1      | Reached XP level 1. HP: 15/15 MP: 0/0
    12 | D:1      | Reached skill level 1 in Short Blades
   717 | D:1      | Reached XP level 2. HP: 9/21 MP: 0/0
  1021 | D:1      | Slain by a kobold

Illustrated notes

Levels and vault maps discovered:
D:1:      dpeg_arrival_central, layout_basic, minmay_misc_feat_more_columns

Skill      XL: |  1  2 |
---------------+-------+-----
Short Blades   | 1 2 |  2.1
Dodging        | |  2.1
Stealth        | |  2.4
Spellcasting   | |  2.6

Action                   || total
-------------------------++-------
Melee: Dagger            ||    53
 Cast: Corona            ||     4
 Stab: Sleeping          ||     4
Armor: Robe              ||    14
Dodge: Dodged            ||    28

Table legend: (Time is in decaauts)
 A = Elapsed time spent in this place.
 B = Non-inter-level travel time spent in this place.
 C = Inter-level travel time spent in this place.
 D = Time resting spent in this place.
 E = Time spent auto-exploring this place.
 F = Levels seen in this place.
 G = Mean time per level.
                   A        B        C        D        E       F      G
               +--------+--------+--------+--------+--------+-----+--------+
         Total |   1016 |   1016 |      0 |      0 |    916 |   1 | 1016.0 |
       Dungeon |   1016 |   1016 |      0 |      0 |    916 |   1 | 1016.0 |
               +--------+--------+--------+--------+--------+-----+--------+

Top non-repeatable levels by time:
     D:1: 1016 daAuts
